 Dungeon Crawl Stone Soup version 0.30.1-11-g7821555f0a (webtiles) character file.

Game seed: 17659507566048964459

48414 1111 the Warrior (level 14, -3/214 HPs)
             Began as a Minotaur Berserker on Nov 13, 2023.
             Was a High Priest of Trog.
             Succumbed to a swamp dragon's poison gas
             ... on level 5 of the Lair of Beasts.
             The game lasted 02:08:31 (23429 turns).

1111 the Warrior (Minotaur Berserker)              Turns: 23429, Time: 02:08:31

Health: -3/214     AC: 26    Str: 26    XL:     14   Next: 12%
Magic:  13/13      EV: 10    Int: 10    God:    Trog [*****.]
Gold:   1209       SH:  5    Dex:  9    Spells: 13/13 levels left

rFire   . . .        X - +2 battleaxe
rCold   . . .        (shield currently unavailable)
rNeg    . . .        a - +2 plate armour
rPois   .            (helmet unavailable)
rElec   .            m - +2 cloak
rCorr   .            (no gloves)
SInv    .            A - +2 pair of boots
Will    +++..        j - amulet of reflection Stlth
                     n - +6 ring of intelligence
HPRegen 1.55/turn    (no ring)
MPRegen 0.13/turn

%: reflection
@: berserking, lethally poisoned (-3 -> -37), strong-willed, regenerating, slow
A: horns 3, retaliatory headbutt, hooves 1, clumsy 1, inability to drink after
injury 1
a: Renounce Religion, Berserk, Trog's Hand, Brothers in Arms


You were on level 5 of the Lair of Beasts.
You worshipped Trog.
Trog was extremely pleased with you.
You visited 2 branches of the dungeon, and saw 18 of its levels.

You collected 1396 gold pieces.
You spent 187 gold pieces at shops.

Inventory:

Hand Weapons
 x - a +1 war axe
 U - a +2 vampiric hand axe
 X - a +2 battleaxe (weapon)
Missiles
 k - 55 poisoned darts (quivered)
 y - 6 curare-tipped darts
 C - 4 throwing nets
Armour
 a - a +2 plate armour (worn)
 m - a +2 cloak (worn)
 A - a +2 pair of boots (worn)
 F - a +1 kite shield
Jewellery
 b - a +6 ring of intelligence
 j - an amulet of reflection (around neck)
 l - an amulet of magic regeneration
 n - a +6 ring of intelligence (left hand)
 E - a ring of ice
 K - a ring of protection from fire
 N - an amulet of faith
 Q - a ring of willpower
 W - a ring of ice
Wands
 q - a wand of polymorph (25)
 v - a wand of charming (4)
 w - a wand of flame (23)
 J - a wand of digging (15)
 M - a wand of iceblast (3)
 O - a wand of acid (3)
Scrolls
 d - a scroll of enchant weapon
 e - 5 scrolls of noise
 f - 2 scrolls of immolation
 i - 4 scrolls of fear
 p - a scroll of silence
 r - 2 scrolls of poison
 t - 9 scrolls of identify
 u - 7 scrolls of teleportation
 z - 3 scrolls of magic mapping
 B - a scroll of enchant armour
 G - a scroll of brand weapon {unknown}
Potions
 c - 4 potions of berserk rage
 h - 3 potions of attraction
 o - 2 potions of ambrosia
 s - a potion of heal wounds
 D - 4 potions of flight
 I - 3 potions of lignification
 S - a potion of invisibility
 Z - a potion of brilliance
Miscellaneous
 L - a phial of floods


   Skills:
 - Level 18.0 Fighting
 - Level 16.0 Axes
 + Level 14.9 Armour
 + Level 7.3 Dodging
 - Level 6.2 Shields


You had 13 spell levels left.
You didn't know any spells.
Your spell library was empty.

Dungeon Overview and Level Annotations

Branches:
Dungeon (13/15)            Temple (0/1) D:6            Lair (5/5) D:11
  Swamp (0/4) Lair:2        Snake (0/4) Lair:2        Slime (0/5) Lair:4
    Orc (0/2) D:12
 Vaults: D:13-14

Altars:
Ashenzari
Cheibriados
Gozag
Hepliaklqana
Okawaru
Qazlal
Trog
Vehumet
Wu Jian
Xom
Yredelemnul
The Shining One
Jiyva

Shops:
D:5 **?==   D:12 [

Annotations:
Lair:1 exclusion: oklob plant


Innate Abilities, Weirdness & Mutations

You have a pair of large horns on your head.
You reflexively headbutt those who attack you in melee.
You have large cloven feet.
You are clumsy. (Dex -2)
You occasionally lose the ability to drink potions when taking damage.


Message History

You hear an angry hiss.
Your skin crawls.
You feel strong-willed.
You feel very sick.
The swamp dragon bites you but does no damage.
The swamp dragon claws you but does no damage.
The swamp dragon tramples you but does no damage.
You barely miss the swamp dragon.
You feel very sick.
You closely miss the fire dragon.
You feel very sick.
Your unstable footing causes you to fumble your attack.
You feel very sick. The fire dragon completely misses you.
The fire dragon claws you but does no damage.
The fire dragon closely misses you. The swamp dragon bites you!
* * * LOW HITPOINT WARNING * * *
The swamp dragon claws you but does no damage.
The swamp dragon tramples you but does no damage.
A red film seems to cover your vision as you go berserk!
You feel yourself moving faster!
You feel mighty!
You feel sick.
The swamp dragon breathes poison at you.
The blast of poison engulfs you!
You are more poisoned.
* * * LOW HITPOINT WARNING * * *
The fire dragon bites you.
* * * LOW HITPOINT WARNING * * *
You block the fire dragon's attack. The fire dragon closely misses you.
You hear an angry hiss.
Your unstable footing causes you to fumble your attack.
You are engulfed in poison gas.
You are lethally poisoned!
* * * LOW HITPOINT WARNING * * *
x2 You feel very sick.
You hit the fire dragon. You headbutt the fire dragon.
The fire dragon is lightly wounded.
You slice the swamp dragon!!
You are engulfed in poison gas.
You are more poisoned.
* * * LOW HITPOINT WARNING * * *
You die...

.#.#..#..###...#♣♣♣♣.≈♣♣........♣
..######## #P..#♣.....♣♣♣≈~~.~...
..# #####*♣..♣♣♣.♣≈.~~≈.♣†
.##******* ♣.♣....≈..♣♣♣.~.
..*,*,**,* ♣♣♣...≈~.♣♣*♣♣~.
,,,,,***,** ♣...~≈~.♣♣*,**♣~
,,,,,,,,,,*****♣♣♣○~♣~.♣♣♣,,,,,*♣
**,,**,,,,**,,*♣.☼☼.♣≈♣♣♣♣,,,,,**
*,*****,,,,,,,*♣@D○♣♣♣♣♣.♣$,,,,,,
*** ***,,,***♣○D○♣≈♣.~~..~~,,,~
****,* ♣.°○...~≈..~~~~,,~ ***
♣...~~~≈≈~≈≈~~~~~~
♣...~~≈≈≈○○≈~,,,,,
♣♣....≈≈≈≈≈.,,*~,*
♣♣♣..~.~~~.***,,* ♣♣♣♣♣♣♣♣♣* ****


You could see a fire dragon and a swamp dragon (catching breath).

Vanquished Creatures
  A dire elephant (Lair:5)
  2 catoblepae (Lair:5)
  3 hydras (Lair:5)
  Harold (Lair:2)
  2 two-headed ogres
  A centaur warrior (D:12)
  9 death yaks
  A skyshark (Lair:2)
  Amaemon (Lair:2)
  3 lindwurms (Lair:5)
  Pikel (D:5)
  A deep elf pyromancer (D:13)
  2 ugly things
  A cyclops (D:11)
  4 manticores
  10 elephants
  3 black mambas
  2 torpor snails (Lair:3)
  12 cane toads
  An orange demon (Lair:2)
  4 gargoyles
  4 rime drakes
  2 kobold demonologists
  15 komodo dragons
  2 polar bears
  3 trolls (D:12)
  2 hornets
  5 blink frogs
  2 dream sheep (Lair:5)
  9 wyverns
  32 yaks
  3 shadows
  4 basilisks
  6 steam dragons
  3 vampire mosquitoes (D:12)
  An acid dragon (Lair:5)
  6 water moccasins
  A swamp drake (Lair:5)
  Duvessa (D:7)
  3 ice beasts
  5 orc warriors
  2 black bears
  5 ogres
  2 sky beasts (D:7)
  11 wolves
  5 centaurs
  A phantom (D:5)
  5 kobold brigands
  5 bullfrogs
  A gnoll sergeant (D:7)
  3 scorpions
  Dowan (D:7)
  3 killer bees (D:10)
  2 hounds
  A jelly (D:6)
  3 orc priests
  A gnoll bouda (D:9)
  Crazy Yiuf (D:3)
  2 sleepcaps
  9 iguanas
  2 orc wizards
  7 hell rats (Lair:3)
  9 adders
  15 gnolls
  A shadow imp (D:6)
  A worm (D:6)
  13 dart slugs
  30 orcs
  9 ball pythons
  7 endoplasms
  3 giant cockroaches
  7 goblins
  13 hobgoblins
  6 jackals
  35 kobolds
  6 quokkas
  4 bats
  5 frilled lizards
  3 rats
413 creatures vanquished.

Vanquished Creatures (others)
  A sky beast (D:7)
1 creature vanquished.

Grand Total: 414 creatures vanquished

Notes
Turn   | Place    | Note
-------+----------+-------------------------------------------
     0 | D:1      | 1111 the Minotaur Berserker began the quest for the Orb.
     0 | D:1      | Reached XP level 1. HP: 19/19 MP: 0/0
   161 | D:1      | Reached XP level 2. HP: 25/27 MP: 1/1
   171 | D:1      | You fall into a shaft and drop 1 floor!
   253 | D:2      | Reached XP level 3. HP: 23/33 MP: 2/2
   254 | D:2      | Reached skill level 5 in Axes
   787 | D:1      | Reached XP level 4. HP: 38/40 MP: 3/3
  1797 | D:2      | Reached ** piety under Trog
  2787 | D:3      | Reached XP level 5. HP: 44/46 MP: 4/4
  3089 | D:3      | Found a runed translucent door.
  3090 | D:3      | Noticed Crazy Yiuf
  3096 | D:3      | Killed Crazy Yiuf
  3250 | D:3      | Reached *** piety under Trog
  3944 | D:4      | Reached XP level 6. HP: 44/52 MP: 5/5
  4373 | D:4      | Found a broken altar of Ashenzari.
  4508 | D:4      | Identified the +0 pair of boots "Xepsyoli" {rN+ Dex-2
                  | Stlth+}
  4804 | D:5      | Entered Level 5 of the Dungeon
  4810 | D:5      | Found a basalt altar of Yredelemnul.
  4828 | D:5      | Noticed Pikel
  4841 | D:5      | Killed Pikel
  4842 | D:5      | Reached skill level 10 in Axes
  4842 | D:5      | Reached XP level 7. HP: 58/58 MP: 6/6
  4939 | D:5      | Found Heoraoxt's General Store.
  4947 | D:5      | Bought a scroll of teleportation for 30 gold pieces
  4947 | D:5      | Bought a scroll of blinking for 75 gold pieces
  4986 | D:5      | Found Wojung's General Store.
  4996 | D:5      | Bought a scroll of enchant armour for 82 gold pieces
  5123 | D:5      | Reached XP level 8. HP: 61/66 MP: 7/7
  5372 | D:5      | Found Uhievik's Jewellery Emporium.
  5485 | D:5      | Found a hazy altar of Hepliaklqana.
  5506 | D:5      | Found Suditezy's Jewellery Boutique.
  5637 | D:5      | Found Finkuddo's Magic Scroll Shoppe.
  5851 | D:6      | Found a glowing golden altar of the Shining One.
  5857 | D:6      | Found a bloodstained altar of Trog.
  5861 | D:6      | Found an ornate altar of the Wu Jian Council.
  5863 | D:6      | Found an opulent altar of Gozag.
  5948 | D:6      | Found an iron altar of Okawaru.
  6369 | D:6      | Found a snail-covered altar of Cheibriados.
  6497 | D:6      | Found a staircase to the Ecumenical Temple.
  6667 | D:6      | Found a radiant altar of Vehumet.
  6849 | D:7      | Reached XP level 9. HP: 44/71 MP: 8/8
  7235 | D:7      | Reached **** piety under Trog
  7295 | D:7      | Reached skill level 15 in Axes
  7959 | D:7      | Noticed Duvessa
  7966 | D:7      | Killed Duvessa
  7967 | D:7      | Noticed Dowan
  7977 | D:7      | Killed Dowan
  8066 | D:7      | Gained mutation: You are partially covered in iridescent
                  | scales. (AC +2) [potion of mutation]
  8066 | D:7      | Gained mutation: Your mind is acute. (Int +4, Str/Dex -1)
                  | [potion of mutation]
  8073 | D:7      | Lost mutation: Your mind is acute. (Int +4, Str/Dex -1)
                  | [potion of mutation]
  8073 | D:7      | Lost mutation: You are partially covered in iridescent
                  | scales. (AC +2) [potion of mutation]
  8073 | D:7      | Gained mutation: You occasionally lose the ability to drink
                  | potions when taking damage. [potion of mutation]
  8073 | D:7      | Gained mutation: You have large cloven feet. [potion of
                  | mutation]
  8073 | D:7      | Gained mutation: You are clumsy. (Dex -2) [potion of
                  | mutation]
  8073 | D:7      | Gained mutation: You have a pair of large horns on your
                  | head. [potion of mutation]
  8692 | D:8      | Reached skill level 4 in Fighting
  8750 | D:8      | Reached skill level 5 in Fighting
  8758 | D:8      | Reached skill level 6 in Fighting
  8760 | D:8      | Reached skill level 7 in Fighting
  8764 | D:8      | Reached XP level 10. HP: 72/86 MP: 9/9
  9029 | D:8      | Reached skill level 8 in Fighting
  9799 | D:9      | Found a shimmering altar of Xom.
  9803 | D:9      | Found a shimmering altar of Xom.
  9841 | D:9      | Found a shimmering altar of Xom.
  9844 | D:9      | Found a shimmering altar of Xom.
  9936 | D:9      | Reached skill level 9 in Fighting
  9946 | D:9      | Reached ***** piety under Trog
  9960 | D:9      | Reached skill level 10 in Fighting
 10447 | D:9      | Noticed a sun demon
 10454 | D:9      | Noticed a rust devil
 10838 | D:10     | Entered Level 10 of the Dungeon
 10901 | D:10     | Reached skill level 11 in Fighting
 10972 | D:10     | Noticed a two-headed ogre
 10996 | D:10     | Killed a two-headed ogre
 10997 | D:10     | Reached skill level 12 in Fighting
 11151 | D:10     | Paralysed by a hornet for 1 turns
 11156 | D:10     | Paralysed by a hornet for 2 turns
 11676 | D:10     | Noticed a manticore
 11692 | D:10     | Killed a manticore
 11713 | D:10     | Reached XP level 11. HP: 86/106 MP: 10/10
 12207 | D:11     | Noticed a purple ugly thing
 12215 | D:11     | Killed a purple ugly thing
 12216 | D:11     | Reached skill level 13 in Fighting
 12380 | D:11     | Reached skill level 14 in Fighting
 12647 | D:11     | Found a staircase to the Lair.
 13140 | D:12     | Found Peexi's Armour Shoppe.
 13147 | D:12     | Noticed a two-headed ogre
 13158 | D:12     | Killed a two-headed ogre
 13485 | D:12     | Noticed a cyan ugly thing
 13495 | D:12     | Killed a cyan ugly thing
 13590 | D:12     | Reached skill level 15 in Fighting
 13892 | D:12     | Reached skill level 16 in Fighting
 14163 | D:12     | Noticed a centaur warrior
 14175 | D:12     | Killed a centaur warrior
 14289 | D:12     | Found a staircase to the Orcish Mines.
 14517 | Lair:1   | Entered Level 1 of the Lair of Beasts
 14588 | D:13     | Noticed a deep elf pyromancer
 14601 | D:13     | Killed a deep elf pyromancer
 14602 | D:13     | Reached skill level 17 in Fighting
 14863 | Lair:1   | Reached XP level 12. HP: 77/125 MP: 11/11
 15123 | Lair:1   | Identified the +0 cloak of the Echidna {*Corrode rElec
                  | rF+++ Dex-2}
 15247 | Lair:1   | Received a gift from Trog
 15466 | Lair:1   | Found a radiant altar of Vehumet.
 15576 | Lair:1   | Reached skill level 18 in Fighting
 16125 | Lair:2   | Noticed Harold
 16136 | Lair:2   | Killed Harold
 16137 | Lair:2   | Reached skill level 5 in Armour
 16601 | Lair:2   | Found a staircase to the Swamp.
 16889 | Lair:2   | Noticed Amaemon
 16908 | Lair:2   | Killed Amaemon
 17132 | Lair:2   | Found a staircase to the Snake Pit.
 17608 | Lair:2   | Reached skill level 10 in Armour
 18057 | Lair:3   | Noticed a death yak
 18059 | Lair:3   | Noticed a death yak
 18073 | Lair:3   | Killed a death yak
 18080 | Lair:3   | Killed a death yak
 18178 | Lair:3   | Reached XP level 13. HP: 117/134 MP: 12/12
 18364 | Lair:3   | Reached skill level 1 in Shields
 19204 | Lair:4   | Found an iron altar of Okawaru.
 19257 | Lair:4   | Found a viscous altar of Jiyva.
 19258 | Lair:4   | Found a staircase to the Slime Pits.
 19763 | Lair:4   | Reached skill level 5 in Shields
 20150 | Lair:5   | Entered Level 5 of the Lair of Beasts
 20151 | Lair:5   | Found a stormy altar of Qazlal.
 20872 | Lair:5   | HP: 10/201 [ten-headed hydra (11)]
 20872 | Lair:5   | HP: 3/201 [ten-headed hydra (7)]
 21320 | Lair:5   | Reached skill level 5 in Dodging
 22699 | Lair:5   | Noticed a dire elephant
 22738 | Lair:5   | Reached XP level 14. HP: 65/143 MP: 13/13
 23428 | Lair:5   | HP: 9/214 [swamp dragon] (3)]
 23429 | Lair:5   | HP: 3/214 [swamp dragon] (2)]
 23429 | Lair:5   | Succumbed to a swamp dragon's poison gas

Illustrated notes

Levels and vault maps discovered:
D:1:      saegor_arrival_under_anarchy, layout_basic
D:2:      layout_loops_ring, minmay_surrounded
D:3:      layout_basic, uniq_crazy_yiuf_cottage
D:4:      kennysheep_slugbush, layout_basic, evilmike_ruin_ashenzari
D:5:      layout_layer_cave, marbit_many_paths, amcnicky_altar_gilded,
          serial_shops, nicolae_diamond_shop, nicolae_shop_rolled_up,
          nicolae_shop_gaudy_bauble, kennysheep_little_box, shop,
          amcnicky_mini_rare_corridor_liquid, uniq_pikel
D:6:      layout_loops_ring, nicolae_vehumet_radiance, cheibrodos_worm_habitat,
          nicolae_overflow_hallway_of_the_gods, minmay_temple_entry_mist
D:7:      layout_basic, hangedman_misty_isle, uniq_duvessa
D:8:      layout_loops_ring, chequers_serial_rivers_room_b,
          eino_small_chamber_without_monster
D:9:      layout_long_grid, xom_redecorated, grunt_ministairs_11
D:10:     layout_loops_ring, lemuel_flame_loot_1
D:11:     layout_irregular_city, hellmonk_lair_entry_icy
D:12:     layout_loops_ring, orc_0_dummy, serial_shops, nicolae_shop_statue_plus
D:13:     layout_roguey, skrybe_vaults_entry_preservation,
          ploomutoo_gammafunk_ghost_potion_laboratory, grunt_decor_mini_mirrors,
          grunt_gozag_statues
Lair:1:   layout_long_grid, st_stairs_10, lemuel_oklob_altar,
          grunt_megastairs_5, serial_bayou_shore_b
Lair:2:   layout_hall_layers, swamp_mist_pool, guppyfry_snake_entry_island,
          gauntlet_entry_generic, grunt_megastairs_4, infiniplex_staircase_pool,
          serial_bayou_shore_b, uniq_harold, uniq_amaemon
Lair:3:   layout_regular_city
Lair:4:   layout_cave_pods, slime_entry_1, basic_altar
Lair:5:   hangedman_lair_in_review, layout_loops_ring, guppyfry_lair_end_dragon,
          basic_altar, lemuel_fruit_tree

Skill      XL: |  1  2  3  4  5  6  7  8  9 10 11 12 13 14 |
---------------+-------------------------------------------+-----
Axes           | 4 5 6 8 10 11 14 16 | 16.0
Fighting       | 7 12 17 18 | 18.0
Armour         | 11 14 | 14.9
Shields        | 6 |  6.2
Dodging        | 6 7 |  7.3

Action                     |  1- 3 |  4- 6 |  7- 9 | 10-12 | 13-15 || total
---------------------------+-------+-------+-------+-------+-------++-------
  Melee: Hand axe          |    32 |   214 |    28 |       |       ||   274
         Headbutt          |     6 |    35 |    33 |   138 |   100 ||   312
         Punch             |       |     4 |     2 |       |       ||     6
         War axe           |       |       |   163 |   545 |    85 ||   793
         Battleaxe         |       |       |       |       |   258 ||   258
  Throw: Stone             |       |     9 |       |       |       ||     9
         Dart              |       |     7 |    27 |    22 |     5 ||    61
 Invoke: Berserk           |     2 |     3 |     3 |     6 |     6 ||    20
         Trog's Hand       |       |       |       |     1 |     5 ||     6
    Use: Scroll            |       |     7 |     9 |     3 |     8 ||    27
         Potion            |       |     5 |     9 |     2 |    12 ||    28
   Stab: Distracted        |       |     1 |       |       |       ||     1
         Petrified         |       |       |       |       |    11 ||    11
         Petrifying        |       |       |       |       |     4 ||     4
         Confused          |       |       |       |       |     1 ||     1
 Armour: Animal skin       |     2 |    15 |       |       |       ||    17
         Ring mail         |       |    24 |       |       |       ||    24
         Chain mail        |       |    17 |    67 |    31 |       ||   115
         Plate armour      |       |       |       |   198 |   350 ||   548
  Dodge: Dodged            |    19 |    98 |    37 |   110 |   127 ||   391
  Block: Other             |       |    19 |    21 |       |    69 ||   109
         Reflection        |       |     4 |     4 |    16 |       ||    24
         Kite shield       |       |       |    19 |   245 |    46 ||   310
